 Dungeon Crawl Stone Soup version 0.22-a0-512-g0943f25562 (webtiles) character file.

112 Niddhogr the Sneak (level 5, -3/41 HPs)
             Began as a Formicid Fighter on June 18, 2018.
             Slain by a gnoll
             ... wielding a +0 spear
              (6 damage)
             ... on level 2 of the Dungeon.
             The game lasted 00:02:23 (842 turns).

Niddhogr the Sneak (Formicid Fighter)                Turns: 842, Time: 00:02:24

Health: -3/41      AC: 13    Str: 25    XL:     5   Next: 16%
Magic:  5/5        EV:  8    Int:  8    God:
Gold:   52         SH: 10    Dex: 11    Spells: 4/4 levels left

rFire    . . .     SeeInvis +   a - +0 trident
rCold    . . .     Gourm    .   c - +0 shield
rNeg     . . .     Faith    .   b - +0 scale mail
rPois    .         Spirit   .   (helmet unavailable)
rElec    .         Reflect  .   (no cloak)
rCorr    .         Harm     .   i - +2 pair of gloves
MR       .....                  m - +2 pair of boots
Stlth    +.........             (no amulet)
HPRegen  0.13/turn              (no ring)
MPRegen  0.09/turn              (no ring)

@: mighty
A: permanent stasis, dig shafts and tunnels, four strong arms, antennae 3
a: Dig, Shaft Self


You were on level 2 of the Dungeon.
You were not hungry.

You visited 1 branch of the dungeon, and saw 2 of its levels.

You collected 52 gold pieces.

Inventory:

Hand Weapons
 a - a +0 trident (weapon)
Armour
 b - a +0 scale mail (worn)
 c - a +0 shield (worn)
 i - a +2 pair of gloves (worn)
 m - a +2 pair of boots (worn)
Scrolls
 e - a scroll of remove curse {unknown}
 g - 2 scrolls of teleportation {unknown}
 h - a scroll of amnesia {unknown}
 k - 2 scrolls of identify {unknown}
 l - a scroll of magic mapping {unknown}
Potions
 j - a potion of heal wounds {unknown}
 n - a potion of mutation {unknown}
Comestibles
 f - 4 rations


   Skills:
 - Level 3.2 Fighting
 + Level 3.7 Polearms
 - Level 3.2 Armour
 + Level 4.0 Stealth
 - Level 3.6 Shields


You had 4 spell levels left.
You didn't know any spells.
Your spell library was empty.

Dungeon Overview and Level Annotations

Branches:
Dungeon (2/15)

Altars:


Innate Abilities, Weirdness & Mutations

You cannot be hasted, slowed, berserked, paralysed or teleported.
You can dig through walls and to a lower floor.
Your four strong arms can wield two-handed weapons with a shield.
You have a pair of large antennae on your head. (SInv)


Message History

Your Stealth skill increases to level 4!
The gnoll hits you from afar with a spear.
* * * LOW HITPOINT WARNING * * *
You block the gnoll's attack.
Attack whom?
Press: ? - help, Dir - move target cursor, f - gnoll
Aim: a gnoll, wielding a spear You reach to attack!
Your shield and scale mail prevent you from hitting the gnoll.
You block the gnoll's attack. The gnoll hits you but does no damage.
Attack whom?
Press: ? - help, Dir - move target cursor, f/p - gnoll
Aim: a gnoll, wielding a spear You reach to attack!
You hit the gnoll.
The gnoll is moderately wounded.
The gnoll hits you from afar with a spear.
* * * LOW HITPOINT WARNING * * *
You block the gnoll's attack.
The gnoll hits you from afar with a spear.
You die...

.#†<#......#....#
.#..#####..#g...#######
.#..# ##............#
##..#### #...[........#
###...# ####.........#
#...# ####......#
####...# #gg....#
#.#....# #).....#
.#.#...# #@.....#
###..### #......#
.#.#.# #......# #.#..#
######## ######


You could see 2 gnolls.

Vanquished Creatures
  Robin (D:2)
  3 gnolls
  2 adders (D:2)
  2 worms (D:2)
  A dart slug (D:1)
  A leopard gecko (D:1)
  2 ball pythons (D:1)
  A bat (D:2)
  9 goblins
  9 hobgoblins
  5 kobolds (D:1)
  3 frilled lizards
  7 rats
46 creatures vanquished.

Notes
Turn   | Place    | Note
-------+----------+-------------------------------------------
     0 | D:1      | Niddhogr the Formicid Fighter began the quest for the Orb.
     0 | D:1      | Reached XP level 1. HP: 18/18 MP: 1/1
   152 | D:1      | Reached skill level 1 in Stealth
   189 | D:1      | Reached XP level 2. HP: 23/24 MP: 2/2
   290 | D:1      | Reached skill level 2 in Stealth
   290 | D:1      | Reached XP level 3. HP: 17/29 MP: 3/3
   704 | D:2      | Reached skill level 3 in Stealth
   704 | D:2      | Reached XP level 4. HP: 27/35 MP: 4/4
   785 | D:2      | Noticed Robin
   820 | D:2      | Reached XP level 5. HP: 13/41 MP: 5/5
   840 | D:2      | Killed Robin
   840 | D:2      | Reached skill level 4 in Stealth
   842 | D:2      | Slain by a gnoll

Vault maps used:
D:1:      minmay_arrival_loop
D:2:      minmay_misc_feat_more_columns, roderic_roman_lattice,
          cheibrodos_gnoll_hut, uniq_robin

Skill      XL: |  1  2  3  4  5 |
---------------+----------------+-----
Stealth        | 1 2 3 4 |  4.0
Polearms       | 3 |  3.7
Fighting       | |  3.2
Armour         | |  3.2
Shields        | |  3.6

Action                   |  1- 3 |  4- 6 || total
-------------------------+-------+-------++-------
Melee: Trident           |   114 |    79 ||   193
  Use: Potion            |       |     1 ||     1
Armor: Scale mail        |    48 |    52 ||   100
Dodge: Dodged            |    36 |    16 ||    52
Block: Shield            |    52 |    57 ||   109

Table legend:
 A = Spawn XP
 B = Non-spawn XP
 C = Spawn XP percentage of total XP
 D = Spawn monster count
 E = Non-spawn monster count
 F = Spawn count percentage of total count
 G = Total turns spent on level
                    A         B        C        D         E        F      G
               +---------+---------+-------+---------+---------+-------+---------
         Total |       0 |     160 |   0.0 |       0 |      46 |   0.0 |   842
               +---------+---------+-------+---------+---------+-------+---------
           D:1 |       0 |      49 |   0.0 |       0 |      22 |   0.0 |   614
           D:2 |       0 |     111 |   0.0 |       0 |      24 |   0.0 |   228
               +---------+---------+-------+---------+---------+-------+---------
